 Dungeon Crawl Stone Soup version 0.27-a0-732-ga892ba84f6 (webtiles) character file.

Game seed: 10892565915596320057

172 rageheart7 the Twirler (level 5, 0/45 HPs)
             Began as a Draconian Gladiator on Mar 23, 2021.
             Slain by an orc
             ... wielding a +0 dagger
              (2 damage)
             ... on level 4 of the Dungeon.
             The game lasted 00:03:57 (3729 turns).

rageheart7 the Twirler (Draconian Gladiator)        Turns: 3729, Time: 00:03:58

Health: 0/45       AC:  6    Str: 17    XL:     5   Next: 27%
Magic:  7/7        EV: 12    Int:  8    God:
Gold:   110        SH:  0    Dex: 13    Spells: 7/7 levels left

rFire    . . .     SeeInvis .   j - +3 mace (holy)
rCold    . . .     Faith    .   (no shield)
rNeg     . . .     Spirit   .   (armour unavailable)
rPois    .         Reflect  .   b - +1 hat
rElec    .         Harm     .   (no cloak)
rCorr    .         Rampage  .   (no gloves)
Will     .....                  (no boots)
Stlth    +.........             (no amulet)
HPRegen  0.15/turn              (no ring)
MPRegen  0.10/turn              (no ring)

@: no status effects
A: AC +5, unfitting armour, cold-blooded
a: no special abilities


You were on level 4 of the Dungeon.
You visited 1 branch of the dungeon, and saw 4 of its levels.

You collected 110 gold pieces.

Inventory:

Hand Weapons
 a - a +0 quarterstaff
 j - a +3 mace of holy wrath (weapon)
Missiles
 c - 3 throwing nets (quivered)
Armour
 b - a +1 hat (worn)
Scrolls
 f - a scroll of enchant armour
Potions
 d - a potion of mutation {unknown}
 e - 7 potions of curing {unknown}
 g - a potion of might {unknown}
 h - a potion of magic {unknown}


   Skills:
 * Level 3.1 Fighting
 * Level 5.1 Staves
 - Level 1.7 Throwing
 - Level 2.6 Dodging
 - Level 0.7 Stealth
 * Level 1.5 Spellcasting


You had 7 spell levels left.
You didn't know any spells.
Your spell library was empty.

Dungeon Overview and Level Annotations

Branches:
Dungeon (4/15)
 Temple: D:4-7

Altars:
Xom
Zin


Innate Abilities, Weirdness & Mutations

Your plain brown scales are hard. (AC +5)
You cannot fit into any form of body armour.
You are cold-blooded and may be slowed by cold attacks.


Message History

You are too injured to fight recklessly!
You are too injured to fight recklessly!
You are too injured to fight recklessly!
You are too injured to fight recklessly!
You are too injured to fight recklessly!
You are too injured to fight recklessly!
You are too injured to fight recklessly!
You are too injured to fight recklessly!
You are too injured to fight recklessly!
You are too injured to fight recklessly!
You barely miss the orc.
The orc is severely wounded.
The orc hits you with a +0 dagger! The orc barely misses you.
You hit the orc but do no damage.
The orc is severely wounded.
The orc hits you with a +0 dagger.
* * * LOW HITPOINT WARNING * * *
The orc barely misses you.
You closely miss the orc.
Your tail-slap misses the orc.
The orc is severely wounded.
The orc barely misses you.
The orc hits you with a +0 quarterstaff.
* * * LOW HITPOINT WARNING * * *
The orc hits you with a +0 dagger.
* * * LOW HITPOINT WARNING * * *
The ooze quivers.
You hit the orc.
You kill the orc!
The orc barely misses you. The orc misses you.
The orc hits you with a +0 dagger.
* * * LOW HITPOINT WARNING * * *
Unknown command.
There is a stone staircase leading up here.
You hit the orc.
Your tail-slap misses the orc.
The orc is heavily wounded.
The orc barely misses you.
You closely miss the orc.
The orc is heavily wounded.
The orc hits you with a +0 dagger.
You die...

#...........
#........$..
#...........
#...........
######..).......|
#................
#(...............
##o.......?.......
#@o..J......####..
#.......^.....> ..
#.............# #
#...........#..J
################


You could see 2 orcs and an ooze.

Vanquished Creatures
  A scorpion (D:3)
  A centaur skeleton (D:4)
  3 adders
  An adder skeleton (D:4)
  3 worms (D:2)
  A dart slug (D:3)
  2 orcs
  3 giant cockroaches
  6 goblins
  3 hobgoblins
  5 oozes
  2 quokkas
  6 ball pythons
  3 bats
  4 frilled lizards
  10 kobolds
  4 rats
58 creatures vanquished.

Notes
Turn   | Place    | Note
-------+----------+-------------------------------------------
     0 | D:1      | rageheart7 the Draconian Gladiator began the quest for the
                  | Orb.
     0 | D:1      | Reached XP level 1. HP: 17/17 MP: 1/1
     0 | D:1      | Noticed a minotaur zombie
   297 | D:1      | Reached XP level 2. HP: 25/25 MP: 2/2
  1413 | D:2      | Found a shimmering altar of Xom.
  1416 | D:2      | Noticed an angel
  1420 | D:2      | Found a glowing silver altar of Zin.
  1539 | D:2      | Reached skill level 1 in Spellcasting
  1539 | D:2      | Reached XP level 3. HP: 21/30 MP: 4/4
  1996 | D:2      | Reached skill level 4 in Staves
  2826 | D:3      | Reached XP level 4. HP: 37/37 MP: 5/5
  3599 | D:3      | Reached XP level 5. HP: 31/45 MP: 5/7
  3698 | D:4      | Reached skill level 5 in Staves
  3720 | D:4      | HP: 1/45 [orc/+0 dagger (2)]
  3729 | D:4      | Slain by an orc

Illustrated notes

Levels and vault maps discovered:
D:1:      shiori_arrival_whats_in_store_for_you, layout_loops_ring,
          patterned_corridor
D:2:      layout_basic, grunt_temple_overflow_order_and_chaos_1
D:3:      layout_basic, hangedman_decor_push
D:4:      layout_rooms

Skill      XL: |  1  2  3  4  5 |
---------------+----------------+-----
Spellcasting   | 1 |  1.5
Staves         | 4 5 |  5.1
Fighting       | 3 |  3.1
Throwing       | |  1.7
Dodging        | |  2.6
Stealth        | |  0.7

Action                   |  1- 3 |  4- 6 || total
-------------------------+-------+-------++-------
Melee: Quarterstaff      |   114 |    10 ||   124
       Tailslap          |    12 |     3 ||    15
       Mace              |       |    37 ||    37
  Use: Scroll            |       |     3 ||     3
 Stab: Sleeping          |     4 |     2 ||     6
Armor: Skin              |    31 |     6 ||    37
Dodge: Dodged            |    63 |    40 ||   103

Table legend: (Time is in decaauts)
 A = Elapsed time spent in this place.
 B = Non-inter-level travel time spent in this place.
 C = Inter-level travel time spent in this place.
 D = Time resting spent in this place.
 E = Time spent auto-exploring this place.
 F = Levels seen in this place.
 G = Mean time per level.
                   A        B        C        D        E       F      G
               +--------+--------+--------+--------+--------+-----+--------+
         Total |   3755 |   3585 |    170 |    195 |   2989 |   4 |  938.8 |
       Dungeon |   3755 |   3585 |    170 |    195 |   2989 |   4 |  938.8 |
               +--------+--------+--------+--------+--------+-----+--------+

Top non-repeatable levels by time:
     D:2: 1502 daAuts
     D:1: 1153 daAuts
     D:3: 1026 daAuts
     D:4: 73 daAuts
